 Dungeon Crawl Stone Soup version 0.21-a0-394-gdc75ea7 (webtiles) character file.

7110 drclaw the Fighter (level 11, -2/92 HPs)
             Began as a Gnoll Wanderer on Oct 18, 2017.
             Was an Elder of Makhleb.
             Slain by a two-headed ogre
             ... wielding a +1 dire flail of crushing
              (23 damage)
             ... on level 9 of the Dungeon.
             The game lasted 00:14:08 (10476 turns).

drclaw the Fighter (Gnoll Wanderer)                Turns: 10476, Time: 00:14:08

Health: -2/92      AC: 16    Str: 16 (17) XL:     11   Next: 10%
Magic:  19/19      EV: 12    Int: 11 (14) God:    Makhleb [****..]
Gold:   496        SH: 10    Dex: 14 (16) Spells: 21/21 levels left

rFire    . . .     SeeInvis .   y - +2 mace (venom)
rCold    . . .     Gourm    +   a - +0 shield
rNeg     . . .     Faith    .   w - +0 ring mail
rPois    .         Spirit   .   U - +1 hat {MR+}
rElec    .         Reflect  .   p - +2 cloak
rCorr    .         Harm     .   r - +1 pair of gloves
MR       +....                  (no boots)
Stlth    +++.......             E - amulet of the gourmand
HPRegen  0.25/turn              H - +4 ring of protection
MPRegen  0.16/turn              (no ring)

@: no status effects
A: distributed training, fangs 1, strong nose
a: Minor Destruction, Lesser Servant of Makhleb, Major Destruction, Renounce
Religion


You were on level 9 of the Dungeon.
You worshipped Makhleb.
Makhleb was greatly pleased with you.
You were not hungry.

You visited 1 branch of the dungeon, and saw 9 of its levels.

You collected 496 gold pieces.

Inventory:

Hand Weapons
 b - a +0 hand crossbow
 f - a +0 dagger
 q - a +1 dire flail of venom
 y - a +2 mace of venom (weapon)
 K - a +2 hand axe of freezing
 T - a +2 mace of holy wrath
Missiles
 c - 130 bolts
 j - a throwing net (quivered)
 k - 458 stones
Armour
 a - a +0 shield (worn)
 e - a +0 robe
 p - a +2 cloak (worn)
 r - a +1 pair of gloves (worn)
 w - a +0 ring mail (worn)
 x - +0 fire dragon scales
 Q - a +0 buckler
 U - a +1 hat of magic resistance (worn)
Jewellery
 E - an amulet of the gourmand (around neck)
 H - a +4 ring of protection (left hand)
 J - a +3 ring of protection
Wands
 v - a wand of acid (0/15)
Scrolls
 d - a scroll of recharging {unknown}
 h - 2 scrolls of fear
 i - a scroll of magic mapping
 n - 6 scrolls of remove curse
 s - 2 scrolls of enchant weapon
 t - 2 scrolls of random uselessness
 D - 3 scrolls of immolation
 F - a scroll of amnesia
 I - 4 scrolls of teleportation
 W - a scroll of brand weapon {unknown}
Potions
 l - 5 potions of lignification
 m - 3 potions of mutation
 u - 3 potions of flight
 A - 2 potions of heal wounds
 B - 6 potions of curing
 C - a potion of cancellation
 G - 2 potions of magic
 L - a potion of resistance
 M - a potion of might
 N - a potion of brilliance
Books
 o - a book of Minor Magic

   Spells                             Type                      Level
   a - Magic Dart                     Conjuration                  1
   b - Blink                          Translocation                2
   c - Call Imp                       Summoning                    2
   d - Slow                           Hexes                        2
   e - Conjure Flame                  Conjuration/Fire             3
   f - Mephitic Cloud                 Conjuration/Poison/Air       3
 S - a book of Geomancy

   Spells                             Type                      Level
   a - Sandblast                      Earth                        1
   b - Passwall                       Transmutation/Earth          2
   c - Stone Arrow                    Conjuration/Earth            3
   d - Petrify                        Transmutation/Earth          4
   e - Lee's Rapid Deconstruction     Earth                        5
 X - a book of Frost

   Spells                             Type                      Level
   a - Freeze                         Ice                          1
   b - Throw Frost                    Conjuration/Ice              2
   c - Ozocubu's Armour               Charms/Ice                   3
   d - Throw Icicle                   Conjuration/Ice              4
   e - Summon Ice Beast               Ice/Summoning                4
Comestibles
 g - 7 bread rations
 z - 5 meat rations
 O - 10 royal jellies
 P - 9 fruits


   Skills:
 + Level 10.3 Fighting
 + Level 5.8 Short Blades
 + Level 5.8 Long Blades
 + Level 5.8 Axes
 + Level 5.8 Maces & Flails
 + Level 5.8 Polearms
 + Level 5.8 Staves
 + Level 5.8 Slings
 + Level 5.8 Bows
 + Level 7.5 Crossbows
 + Level 5.8 Throwing
 + Level 5.8 Armour
 + Level 5.8 Dodging
 + Level 7.3 Stealth
 + Level 6.4 Shields
 + Level 5.8 Unarmed Combat
 + Level 5.8 Spellcasting
 + Level 4.8 Conjurations
 + Level 4.8 Hexes
 + Level 4.8 Charms
 + Level 4.8 Summonings
 + Level 4.8 Necromancy
 + Level 4.8 Translocations
 + Level 4.8 Transmutations
 + Level 4.8 Fire Magic
 + Level 4.8 Ice Magic
 + Level 4.8 Air Magic
 + Level 4.8 Earth Magic
 + Level 4.8 Poison Magic
 + Level 6.4 Invocations
 + Level 6.4 Evocations


You had 21 spell levels left.
You didn't know any spells.

Dungeon Overview and Level Annotations

Branches:
Dungeon (9/15)             Temple (0/1) D:6            Lair (0/6) D:8
    Orc: D:9-12

Altars:
Makhleb
Nemelex Xobeh
Ru
Uskayaw


Innate Abilities, Weirdness & Mutations

Your experience applies equally to all skills.
You have very sharp teeth.
Your uncanny sense of smell can sniff out nearby items.


Message History

The two-headed ogre looks as sick as possible!
The two-headed ogre is heavily wounded.
You block the two-headed ogre's attack.
The two-headed ogre hits you with a giant spiked club!!
You sock the two-headed ogre!
The two-headed ogre is severely wounded.
You block the two-headed ogre's attack.
The two-headed ogre hits you with a giant spiked club!
* * * LOW HITPOINT WARNING * * *
Unknown command.
Unknown command.
Unknown command.
Evoke which item? (* to show all) (? for menu, Esc to quit)
Okay, then.
You hit the two-headed ogre.
The two-headed ogre looks as sick as possible!
The two-headed ogre is almost dead.
You block the two-headed ogre's attack.
The two-headed ogre hits you with a giant spiked club!!
You die...

....#........# #.
#........... #.#
#........# #.#
##.####### #.# #..# #.#
##.# ###.#######
##.###### #.........#
#.......#
###?..@.....###.......#
#....O........#.......#
#.#.........#.#.......#
#........<#.........# ∆
#.........###........
#.........# #.......#
#.........# #########
###########


You could see a two-headed ogre.

Vanquished Creatures
  The ghost of Kite the Severer, a novice MiBe of Trog (D:9)
  A two-headed ogre (D:9)
  The ghost of Yermak the Insei, a novice DgTm (D:8)
  4 hornets (D:8)
  A hippogriff (D:7)
  The ghost of goodnight the Fighter, an amateur GnWn (D:4)
  4 yaks (D:8)
  A hungry ghost (D:9)
  A water moccasin (D:5)
  3 porcupines (D:8)
  An orc warrior (D:9)
  3 ice beasts
  A sky beast (D:9)
  3 ogres
  2 centaurs
  4 crocodiles (D:8)
  2 big kobolds
  Blork the orc (D:5)
  3 bullfrogs
  4 scorpions
  A howler monkey (D:8)
  6 crimson imps
  A bullfrog zombie (D:8)
  A centaur zombie (D:8)
  2 hounds
  4 orc priests
  2 jellies
  2 iguanas
  4 worker ants
  8 orc wizards
  A killer bee zombie (D:7)
  A hound zombie (D:8)
  A worker ant zombie (D:5)
  4 gnolls (D:5)
  A howler monkey skeleton (D:8)
  6 adders
  3 shadow imps
  An ooze (D:1)
  An adder skeleton (D:6)
  2 worms
  3 dart slugs
  6 leopard geckos
  27 orcs
  2 giant cockroaches
  13 goblins
  5 hobgoblins
  6 jackals (D:1)
  2 quokkas
  4 bats
  A frilled lizard (D:3)
  A jackal skeleton (D:6)
  40 kobolds
  11 rats
215 creatures vanquished.

Vanquished Creatures (others)
  6 bushes (D:8)
  3 fungi (D:8)
  15 plants
24 creatures vanquished.

Grand Total: 239 creatures vanquished

Notes
Turn   | Place    | Note
-------+----------+-------------------------------------------
     0 | D:1      | drclaw the Gnoll Wanderer began the quest for the Orb.
     0 | D:1      | drclaw set off with: a +0 shield, a +0 hand crossbow, 25 bolts, a scroll of teleportation, a +0 robe, a +0 dagger, a bread ration
     0 | D:1      | Reached XP level 1. HP: 26/26 MP: 2/2
    83 | D:1      | Reached XP level 2. HP: 16/33 MP: 3/3
   545 | D:1      | Reached XP level 3. HP: 38/38 MP: 4/4
   949 | D:1      | Reached skill level 1 in Invocations
  1319 | D:2      | Found a sparkling altar of Nemelex Xobeh.
  1559 | D:2      | Reached skill level 1 in Short Blades
  1559 | D:2      | Reached skill level 1 in Long Blades
  1559 | D:2      | Reached skill level 1 in Axes
  1559 | D:2      | Reached skill level 1 in Maces & Flails
  1559 | D:2      | Reached skill level 1 in Polearms
  1559 | D:2      | Reached skill level 1 in Staves
  1559 | D:2      | Reached skill level 1 in Slings
  1559 | D:2      | Reached skill level 1 in Bows
  1559 | D:2      | Reached skill level 1 in Throwing
  1559 | D:2      | Reached skill level 1 in Armour
  1559 | D:2      | Reached skill level 1 in Dodging
  1559 | D:2      | Reached skill level 1 in Unarmed Combat
  1559 | D:2      | Reached skill level 1 in Spellcasting
  1843 | D:2      | Reached XP level 4. HP: 45/45 MP: 6/6
  3000 | D:4      | Reached skill level 1 in Conjurations
  3000 | D:4      | Reached skill level 1 in Hexes
  3000 | D:4      | Reached skill level 1 in Charms
  3000 | D:4      | Reached skill level 1 in Summonings
  3000 | D:4      | Reached skill level 1 in Necromancy
  3000 | D:4      | Reached skill level 1 in Translocations
  3000 | D:4      | Reached skill level 1 in Transmutations
  3000 | D:4      | Reached skill level 1 in Fire Magic
  3000 | D:4      | Reached skill level 1 in Ice Magic
  3000 | D:4      | Reached skill level 1 in Air Magic
  3000 | D:4      | Reached skill level 1 in Earth Magic
  3000 | D:4      | Reached skill level 1 in Poison Magic
  3000 | D:4      | Reached XP level 5. HP: 45/51 MP: 7/7
  3074 | D:4      | Noticed an ogre
  3084 | D:4      | Killed an ogre
  3084 | D:4      | Reached XP level 6. HP: 38/57 MP: 8/8
  3285 | D:4      | Noticed goodnight's ghost (amateur GnWn)
  3602 | D:4      | Killed goodnight's ghost
  3602 | D:4      | Reached skill level 5 in Crossbows
  4050 | D:5      | Entered Level 5 of the Dungeon
  4108 | D:5      | Reached XP level 7. HP: 58/63 MP: 10/10
  4393 | D:5      | Found a burning altar of Makhleb.
  4404 | D:5      | Became a worshipper of Makhleb the Destroyer
  4496 | D:5      | Reached skill level 9 in Fighting
  4496 | D:5      | Reached skill level 5 in Stealth
  4758 | D:5      | Reached * piety under Makhleb
  4792 | D:5      | Reached XP level 8. HP: 59/71 MP: 12/12
  4953 | D:5      | Noticed Blork the orc
  4962 | D:5      | Killed Blork the orc
  5631 | D:6      | Found a staircase to the Ecumenical Temple.
  6038 | D:6      | Found a hide-covered altar of Uskayaw.
  6039 | D:6      | Noticed a hand axe
  6039 | D:6      | Noticed a hand axe
  6436 | D:6      | Reached ** piety under Makhleb
  6622 | D:6      | You fall through a shaft!
  6994 | D:7      | Reached XP level 9. HP: 71/76 MP: 14/14
  7125 | D:7      | Found a sacrificial altar of Ru.
  7942 | D:8      | Reached skill level 5 in Shields
  7942 | D:8      | Reached skill level 5 in Evocations
  8193 | D:8      | Reached *** piety under Makhleb
  8321 | D:8      | Noticed a hornet
  8324 | D:8      | Noticed a hornet
  8324 | D:8      | Paralysed by a hornet for 1 turns
  8330 | D:8      | Killed a hornet
  8340 | D:8      | Paralysed by a hornet for 3 turns
  8343 | D:8      | Killed a hornet
  8343 | D:8      | Reached skill level 5 in Invocations
  8425 | D:8      | Noticed a hornet
  8430 | D:8      | Killed a hornet
  8504 | D:8      | Reached XP level 10. HP: 56/84 MP: 15/17
  8542 | D:8      | Reached skill level 5 in Short Blades
  8542 | D:8      | Reached skill level 5 in Long Blades
  8542 | D:8      | Reached skill level 5 in Axes
  8542 | D:8      | Reached skill level 5 in Maces & Flails
  8542 | D:8      | Reached skill level 5 in Polearms
  8542 | D:8      | Reached skill level 5 in Staves
  8542 | D:8      | Reached skill level 5 in Slings
  8542 | D:8      | Reached skill level 5 in Bows
  8542 | D:8      | Reached skill level 5 in Throwing
  8542 | D:8      | Reached skill level 5 in Armour
  8542 | D:8      | Reached skill level 5 in Dodging
  8542 | D:8      | Reached skill level 5 in Unarmed Combat
  8542 | D:8      | Reached skill level 5 in Spellcasting
  8823 | D:8      | Found a staircase to the Lair.
  8937 | D:8      | Noticed Yermak's ghost (novice DgTm)
  8978 | D:8      | Killed Yermak's ghost
  8978 | D:8      | Reached skill level 10 in Fighting
  9613 | D:9      | Noticed a two-headed ogre
  9632 | D:9      | Killed a two-headed ogre
  9932 | D:9      | Reached **** piety under Makhleb
 10068 | D:9      | Noticed Kite's ghost (novice MiBe)
 10348 | D:9      | Killed Kite's ghost
 10348 | D:9      | Reached XP level 11. HP: 57/92 MP: 19/19
 10461 | D:9      | Noticed a two-headed ogre
 10476 | D:9      | Slain by a two-headed ogre

Vault maps used:
D:1:      scummos_arrival_gate
D:2:      overflow_temple_1_default, minmay_misc_feat_iff
D:5:      corexii_shantytown, makhleb_grotto_becter, first_bread,
          uniq_blork_the_orc
D:6:      dancing_weapons_uskayaw, minmay_temple_entry_junction
D:7:      kennysheep_kobold_camp, lemuel_crystal_altar
D:8:      minmay_lair_entry_grove, hangedman_pestilent_swarm
D:9:      cheibrodos_worm_habitat, nicolae_overflow_hidden_temple

Skill      XL: |  1  2  3  4  5  6  7  8  9 10 |
---------------+-------------------------------+-----
Invocations    | 1 2 3 4 5 6 |  6.4
Short Blades   | 1 2 3 4 5 |  5.8
Long Blades    | 1 2 3 4 5 |  5.8
Axes           | 1 2 3 4 5 |  5.8
Maces & Flails | 1 2 3 4 5 |  5.8
Polearms       | 1 2 3 4 5 |  5.8
Staves         | 1 2 3 4 5 |  5.8
Slings         | 1 2 3 4 5 |  5.8
Bows           | 1 2 3 4 5 |  5.8
Throwing       | 1 2 3 4 5 |  5.8
Armour         | 1 2 3 4 5 |  5.8
Dodging        | 1 2 3 4 5 |  5.8
Unarmed Combat | 1 2 3 4 5 |  5.8
Spellcasting   | 1 2 3 4 5 |  5.8
Conjurations   | 1 2 3 4 |  4.8
Hexes          | 1 2 3 4 |  4.8
Charms         | 1 2 3 4 |  4.8
Summonings     | 1 2 3 4 |  4.8
Necromancy     | 1 2 3 4 |  4.8
Translocations | 1 2 3 4 |  4.8
Transmutations | 1 2 3 4 |  4.8
Fire Magic     | 1 2 3 4 |  4.8
Ice Magic      | 1 2 3 4 |  4.8
Air Magic      | 1 2 3 4 |  4.8
Earth Magic    | 1 2 3 4 |  4.8
Poison Magic   | 1 2 3 4 |  4.8
Shields        | 3 4 5 6 |  6.4
Evocations     | 3 4 5 6 |  6.4
Crossbows      | 5 6 7 |  7.5
Fighting       | 9 10 | 10.3
Stealth        | 5 6 7 |  7.3

Action                   |  1- 3 |  4- 6 |  7- 9 | 10-12 || total
-------------------------+-------+-------+-------+-------++-------
Melee: Dagger            |   205 |    27 |       |       ||   232
       Bite              |    23 |     7 |    54 |    39 ||   123
       Mace              |       |    57 |   434 |   256 ||   747
 Fire: Hand crossbow     |     3 |       |       |       ||     3
Evoke: Wand              |       |     4 |       |     2 ||     6
  Use: Scroll            |       |     5 |     7 |     9 ||    21
       Potion            |       |     1 |       |     8 ||     9
 Stab: Sleeping          |     8 |     4 |    14 |     1 ||    27
       Distracted        |       |       |     2 |     1 ||     3
  Eat: Chunk             |     2 |     4 |    19 |     3 ||    28
       Royal jelly       |       |     1 |       |       ||     1
       Bread ration      |       |     1 |       |     1 ||     2
Armor: Robe              |    45 |       |       |       ||    45
       Ring mail         |       |    19 |   174 |    80 ||   273
       Skin              |       |     1 |       |       ||     1
Dodge: Dodged            |    75 |    22 |   178 |   103 ||   378
Block: Shield            |    95 |    36 |   217 |   127 ||   475

Table legend:
 A = Spawn XP
 B = Non-spawn XP
 C = Spawn XP percentage of total XP
 D = Spawn monster count
 E = Non-spawn monster count
 F = Spawn count percentage of total count
 G = Total turns spent on level
                    A         B        C        D         E        F      G
               +---------+---------+-------+---------+---------+-------+---------
         Total |       0 |   10158 |   0.0 |       0 |     215 |   0.0 | 10476
               +---------+---------+-------+---------+---------+-------+---------
           D:1 |       0 |      59 |   0.0 |       0 |      32 |   0.0 |  1315
           D:2 |       0 |      26 |   0.0 |       0 |      13 |   0.0 |   881
           D:3 |       0 |      26 |   0.0 |       0 |       6 |   0.0 |   780
           D:4 |       0 |     488 |   0.0 |       0 |      11 |   0.0 |  1074
           D:5 |       0 |     917 |   0.0 |       0 |      43 |   0.0 |  1436
           D:6 |       0 |     589 |   0.0 |       0 |      24 |   0.0 |  1277
           D:7 |       0 |     874 |   0.0 |       0 |      33 |   0.0 |  1112
           D:8 |       0 |    4202 |   0.0 |       0 |      29 |   0.0 |  1807
           D:9 |       0 |    2977 |   0.0 |       0 |      24 |   0.0 |   794
               +---------+---------+-------+---------+---------+-------+---------
